 Dungeon Crawl Stone Soup version 0.23.0 (webtiles) character file.

Game seed: 980044901858628948

283299 inmateoo the Bludgeoner (level 20, -6/132 HPs)
             Began as a Gargoyle Fighter on Feb 12, 2019.
             Was the Champion of Okawaru.
             Mangled by a deep troll (23 damage)
             ... led by an ironheart preserver
             ... on level 2 of the Vaults.
             The game lasted 01:19:02 (43255 turns).

inmateoo the Bludgeoner (Gargoyle Fighter)         Turns: 43255, Time: 01:19:03

Health: -6/132     AC: 41    Str: 28    XL:     20   Next: 55%
Magic:  24/24      EV: 10    Int: 16    God:    Okawaru [******]
Gold:   2119       SH: 14    Dex:  7    Spells: 19/19 levels left

rFire    + + +     SeeInvis +   q - +11 flail "Yzeatag" {freeze, Int+3}
rCold    + + +     Gourm    .   S - +0 shield {rC+}
rNeg     + . .     Faith    .   K - +3 gold dragon scales
rPois    ∞         Spirit   .   h - +1 helmet {Int+3}
rElec    +         Reflect  .   c - scarf {rC+ rF+}
rCorr    .         Harm     .   b - +0 pair of gloves {Dex+3}
MR       ++...                  C - +0 pair of boots {Stlth+}
Stlth    ..........             o - amulet of regeneration
HPRegen  0.72/turn              Q - ring "Ovyfeug" {*Corrode rF+++ rC+ Dex-5 SInv}
MPRegen  0.19/turn              m - ring of protection from magic

@: about to teleport, corroded
A: big wings, negative energy resistance 1, electricity resistance, unbreathing,
petrification resistance, rot immunity, AC +15
}: 2/15 runes: serpentine, barnacled
a: Fly, Heroism, Finesse, Renounce Religion


You were on level 2 of the Vaults.
You worshipped Okawaru.
Okawaru was exalted by your worship.
You were full.

You visited 6 branches of the dungeon, and saw 33 of its levels.
You also visited: Sewer.

You collected 3903 gold pieces.
You spent 1784 gold pieces at shops.

Inventory:

Hand Weapons
 q - the +11 flail "Yzeatag" (weapon) {freeze, Int+3}
   (Okawaru gifted it to you on level 2 of the Vaults)

   It has been specially enchanted to freeze those struck by it, causing extra
   injury to most foes and up to half again as much damage against particularly
   susceptible opponents.
   It can also slow down cold-blooded creatures.
   It affects your intelligence (+3).
 v - a +2 eveningstar of flaming
 z - a +8 eveningstar
 T - a +2 demon whip of venom
Armour
 b - a +0 pair of gloves of dexterity (worn)
 c - a scarf of resistance (worn)
 h - a +1 helmet of intelligence (worn)
 C - a +0 pair of boots of stealth (worn)
 K - +3 gold dragon scales (worn)
 S - a +0 shield of cold resistance (worn)
Jewellery
 m - a ring of protection from magic (right hand)
 o - an amulet of regeneration (around neck)
 Q - the ring "Ovyfeug" (left hand) {*Corrode rF+++ rC+ Dex-5 SInv}
   (You found it on level 6 of the Lair of Beasts)

   [ring of protection from cold]

   It affects your dexterity (-5).
   It renders you almost immune to fire.
   It protects you from cold.
   It lets you see invisible.
   It may corrode you when you take damage.
 Y - an uncursed ring of resist corrosion
Wands
 n - a wand of iceblast (18)
 p - a wand of paralysis (22)
 x - a wand of enslavement (22)
 y - a wand of polymorph (36)
 B - a wand of disintegration (29)
 F - a wand of digging (9)
 H - a wand of scattershot (10)
 M - a wand of acid (47)
 R - a wand of random effects (30)
 V - a wand of flame (36)
Scrolls
 i - 6 scrolls of teleportation
 j - 2 scrolls of fear
 l - 8 scrolls of fog
 s - 3 scrolls of amnesia
 t - 13 scrolls of remove curse
 w - 4 scrolls of magic mapping
 D - 4 scrolls of immolation
 N - a scroll of silence
 O - 15 scrolls of identify
 U - 2 scrolls of holy word
Potions
 a - 6 potions of curing
 d - 4 potions of might
 e - 8 potions of agility
 g - a potion of cancellation
 k - 6 potions of brilliance
 r - 9 potions of lignification
 u - 12 potions of flight
 A - 5 potions of magic
 I - 2 potions of ambrosia
 J - 4 potions of mutation
 P - 4 potions of invisibility
 W - 2 potions of haste
 Z - 2 potions of resistance
Comestibles
 f - 42 rations


   Skills:
 + Level 16.2 Fighting
 * Level 20.0 Maces & Flails
 + Level 16.2 Armour
 + Level 12.0 Dodging
 + Level 16.2 Shields
 - Level 6.0 Invocations


You had 19 spell levels left.
You didn't know any spells.
Your spell library contained the following spells:

 Spells                   Type           Power        Failure   Level  Hunger
 Animate Skeleton         Necr           N/A          99%         1    ##.....
 Apportation              Tloc           #.....       99%         1    ##.....
 Confusing Touch          Hex            #.....       99%         1    ##.....
 Corona                   Hex            #......      99%         1    ##.....
 Infusion                 Chrm           #...         99%         1    ##.....
 Magic Dart               Conj           #...         99%         1    ##.....
 Sting                    Conj/Pois      #...         99%         1    ##.....
 Summon Butterflies       Summ           #.......     99%         1    ##.....
 Summon Small Mammal      Summ           #...         99%         1    ##.....
 Blink                    Tloc           N/A          99%         2    ###....
 Call Imp                 Summ           #.......     99%         2    ###....
 Ensorcelled Hibernation  Hex/Ice        #.....       99%         2    ###....
 Poisonous Vapours        Pois/Air       #.....       99%         2    ###....
 Searing Ray              Conj           #.....       99%         2    ###....
 Shroud of Golubria       Chrm/Tloc      #.........   99%         2    ###....
 Slow                     Hex            #.......     99%         2    ###....
 Song of Slaying          Chrm           #.......     99%         2    ###....
 Call Canine Familiar     Summ           #.......     100%        3    ####...
 Confuse                  Hex            #.......     100%        3    ####...
 Conjure Flame            Conj/Fire      #.......     100%        3    ####...
 Dazzling Spray           Conj/Hex       #.....       100%        3    ####...
 Gell's Gravitas          Tloc           #.........   100%        3    ####...
 Lesser Beckoning         Tloc           #.........   100%        3    ####...
 Mephitic Cloud           Conj/Pois/Air  #.......     100%        3    ####...
 Regeneration             Chrm/Necr      #.........   100%        3    ####...
 Spectral Weapon          Hex/Chrm       #.......     100%        3    ####...
 Summon Guardian Golem    Hex/Summ       #.......     100%        3    ####...
 Tukima's Dance           Hex            #.......     100%        3    ####...
 Cause Fear               Hex            #.........   100%        4    #####..
 Force Lance              Conj/Tloc      #.......     100%        4    #####..
 Fulminant Prism          Conj/Hex       #.........   100%        4    #####..
 Iskenderun's Mystic Bla  Conj           #.......     100%        4    #####..
 Olgreb's Toxic Radiance  Pois           #.......     100%        4    #####..
 Petrify                  Tmut/Erth      #.......     100%        4    #####..
 Summon Ice Beast         Ice/Summ       #.......     100%        4    #####..
 Summon Lightning Spire   Summ/Air       #.......     100%        4    #####..
 Alistair's Intoxication  Tmut/Pois      #.......     100%        5    ######.
 Irradiate                Conj/Tmut      #.........   100%        5    ######.
 Metabolic Englaciation   Hex/Ice        #.........   100%        5    ######.
 Silence                  Hex/Air        #.........   100%        5    ######.
 Venom Bolt               Conj/Pois      #.........   100%        5    ######.
 Yara's Violent Unravell  Hex/Tmut       #.........   100%        5    ######.
 Deflect Missiles         Chrm/Air       #.........   100%        6    #######
 Freezing Cloud           Conj/Ice/Air   #.........   100%        6    #######
 Hydra Form               Tmut           #.........   100%        6    #######
 Invisibility             Hex            #.......     100%        6    #######
 Dragon Form              Tmut           #.........   100%        7    #######
 Ring of Flames           Chrm/Fire      #.........   100%        7    #######
 Discord                  Hex            #.........   100%        8    #######
 Statue Form              Tmut/Erth      Unusable     N/A         6    N/A

Dungeon Overview and Level Annotations

Branches:
Dungeon (15/15)            Temple (0/1) D:6            Lair (6/6) D:8
 Shoals (4/4) Lair:4        Snake (4/4) Lair:4        Slime (0/5) Lair:6
    Orc (2/2) D:9             Elf (0/3) Orc:2        Vaults (2/5) D:14
 Depths (0/5) D:15
  Crypt: Vaults:2-3

Altars:
Cheibriados
Dithmenos
Elyvilon
Fedhas
Gozag
Makhleb
Nemelex Xobeh
Okawaru
Qazlal
Uskayaw
Zin
The Shining One
Beogh
Jiyva

Shops:
D:7 =   D:10 ?   D:14 (   Orc:1 %   Orc:2 (}*=   Shoals:4 (   Snake:1 =
Snake:4 *   Vaults:2 }

Annotations:
D:14 1 runed translucent door
Lair:5 exclusion: 4 oklob plants
Lair:6 1 runed translucent door


Innate Abilities, Weirdness & Mutations

You are resistant to torment.
Your stone body is resilient. (AC +15)
You are immune to poison.
Your large and strong wings let you fly indefinitely.
You resist negative energy. (rN+)
You are resistant to electric shocks. (rElec)
You can survive without breathing.
You are immune to petrification.
You are immune to rotting.


Message History

The deep troll looks frightened!
The cyclops looks frightened!
You block the deep troll's attack. The deep troll claws you!
* * * LOW HITPOINT WARNING * * *
You block the deep troll's attack.
Unknown command.
Unknown command.
Okay, then.
You feel better.
The deep troll is no longer covered in acid.
The deep troll bites you.
* * * LOW HITPOINT WARNING * * *
The deep troll claws you but does no damage.
You block the deep troll's attack. The deep troll bites you!
* * * LOW HITPOINT WARNING * * *
You block the deep troll's attack. The deep troll barely misses you.
You feel better. You block the deep troll's attack. x2
The deep troll claws you but does no damage.
As you read the scroll of teleportation, it crumbles to dust.
You feel strangely unstable. The deep troll bites you!!
You die...

....
...........#
#+##
...........#
#
#...........#
#
#.......(...#
#
#.......(...#
#
#...≈≈≈.....#
#
#..≈≈≈≈≈....#
#
#..≈≈∩≈≈(...#
#
#..≈≈.C≈(@.T#
#
#...≈.≈...T.#
#
#...........#
#...........#
.........p..#
....T.......#
............#
###'#.......#
..#.......#


You could see an ironheart preserver (fleeing), 2 deep trolls, a cyclops
(fleeing) and a deep troll shaman (fleeing).

Vanquished Creatures
  Mennas (Vaults:2)
  Vashnia (Snake:4)
  Roxanne (D:14)
  The ghost of Seits the Bludgeoner, an adept MiFi of the Shining One (Lair:4)
  Ilsuiw (Shoals:4)
  9 nagarajas
  The ghost of Uhlv the Brawler, a journeyman TrWn of Okawaru (Lair:4)
  5 vault wardens
  An orc warlord (Orc:1)
  2 ironheart preservers (Vaults:2)
  The ghost of inmateoo the Martial Artist, a journeyman GnTm of Cheibriados (Orc:2)
  A stone giant (Vaults:2)
  A dire elephant (Lair:6)
  Azrael (D:14)
  2 minotaurs
  An ettin (D:9)
  9 merfolk javelineers
  4 merfolk impalers (Shoals:4)
  2 green deaths (Snake:3)
  2 fire dragons
  Snorg (D:14)
  3 yaktaur captains (Vaults:1)
  A great orb of eyes (Vaults:2)
  4 ogre magi
  21 naga warriors
  7 hydras
  5 catoblepae
  An ice dragon (Vaults:1)
  A death knight (Vaults:2)
  A rakshasa (Vaults:2)
  A merfolk avatar (Shoals:3)
  9 centaur warriors
  5 merfolk aquamancers
  Harold (D:11)
  3 alligator snapping turtles
  16 two-headed ogres
  8 anacondas
  2 satyrs
  12 death yaks
  2 deep troll shamans (Vaults:2)
  3 orc high priests
  Urug (Lair:4)
  6 shock serpents
  2 deep elf knights (Vaults:2)
  15 naga sharpshooters
  A spectral death yak (Lair:4)
  5 salamander mystics
  An iron troll (D:14)
  4 sea snakes (Shoals:4)
  4 skeletal warriors (Vaults:1)
  3 wizards
  An unseen horror (shapeshifter) (D:14)
  4 deep trolls
  2 unseen horrors (D:12)
  3 deep elf archers
  A flayed ghost (Vaults:1)
  13 naga ritualists
  A spectral hydra (Lair:4)
  A swamp dragon (Lair:6)
  Pikel (D:4)
  6 ironbrand convokers
  21 harpies
  6 orc sorcerers
  2 lindwurms (Lair:6)
  A necromancer (D:15)
  11 orc knights
  7 mana vipers
  3 deep elf magi
  11 fauns
  A wolf spider (Vaults:2)
  16 cyclopes
  21 ugly things
  7 salamanders
  9 manticores
  12 elephants
  3 centaur zombies
  8 water nymphs
  12 merfolk sirens
  5 guardian serpents
  2 vault sentinels (Vaults:2)
  26 black mambas
  3 gargoyles
  2 torpor snails
  31 naga magi
  13 spiny frogs
  An efreet (D:13)
  7 komodo dragons
  20 yaktaurs
  A freezing wraith (D:14)
  6 rime drakes
  6 wind drakes
  2 tengu conjurers (D:12)
  Prince Ribbit (D:6)
  25 merfolk
  A jumping spider (shapeshifter) (Vaults:2)
  A polar bear (Lair:5)
  A meliai (shapeshifter) (D:14)
  18 trolls
  3 meliai
  Grinder (D:6)
  A harpy skeleton (D:15)
  8 snapping turtles
  8 slime creatures (Vaults:1)
  15 dream sheep
  4 hornets
  8 hippogriffs
  11 blink frogs
  A frost giant simulacrum (Vaults:1)
  A shadow (D:14)
  Sigmund (D:1)
  A spectral black mamba (Lair:4)
  A vampire (D:13)
  3 wraiths
  A centaur simulacrum (D:15)
  13 spriggans (Lair:3)
  A wyvern (D:12)
  4 basilisks
  2 fire elementals (D:14)
  7 water elementals
  20 yaks
  A hungry ghost (D:8)
  2 steam dragons
  56 nagas
  4 wargs
  Duvessa (D:6)
  2 hell hounds (D:14)
  3 acid dragons
  4 swamp drakes (Lair:6)
  16 water moccasins
  A hydra simulacrum (Lair:4)
  11 porcupines
  42 orc warriors
  6 ice beasts
  5 sky beasts
  A necrophage (D:7)
  A phantom (D:6)
  A slave (D:4)
  22 centaurs
  27 ogres
  11 boggarts
  16 crocodiles
  6 wolves
  A big kobold (D:9)
  21 bullfrogs
  2 wyvern skeletons
  Dowan (D:6)
  4 jellies
  2 scorpions
  A dream sheep simulacrum (Lair:4)
  8 killer bees
  3 wights (D:13)
  An electric eel (Lair:6)
  4 howler monkeys
  2 quasits
  7 crimson imps
  3 hounds
  A bullfrog skeleton (D:11)
  28 orc priests
  4 centaur skeletons
  6 iguanas
  Terence (D:2)
  Ijyb (D:4)
  Natasha (thrice) (D:2)
  21 orc wizards
  10 worker ants
  A hell rat (D:8)
  A worker ant (shapeshifter) (D:14)
  2 hound zombies
  A hound skeleton (D:9)
  A mummy (D:6)
  3 worker ant zombies
  23 adders
  4 shadow imps
  4 oozes
  An adder skeleton (D:6)
  2 worms (D:2)
  2 dart slugs
  6 leopard geckos
  93 orcs
  7 giant cockroaches
  4 goblins
  13 hobgoblins
  9 jackals
  6 quokkas
  2 ball pythons
  9 bats
  3 frilled lizards
  A jackal skeleton (D:4)
  14 kobolds
  A quokka skeleton (D:4)
  12 rats
  11 plants (Lair:3)
1277 creatures vanquished.

Vanquished Creatures (others)
  Asterion (Snake:2)
  A naga warrior (Snake:2)
  A black mamba (Snake:4)
  A hornet (D:14)
  A boggart (Vaults:2)
  An orc wizard (Orc:2)
  A fungus (Lair:4)
  6 plants
13 creatures vanquished.

Grand Total: 1290 creatures vanquished

Notes
Turn   | Place    | Note
-------+----------+-------------------------------------------
     0 | D:1      | inmateoo the Gargoyle Fighter began the quest for the Orb.
     0 | D:1      | Reached XP level 1. HP: 14/14 MP: 1/1
   106 | D:1      | Reached XP level 2. HP: 18/19 MP: 2/2
   375 | D:1      | Reached XP level 3. HP: 22/23 MP: 3/3
   635 | D:2      | Noticed Sigmund
   850 | D:1      | Killed Sigmund
   850 | D:1      | Reached skill level 3 in Maces & Flails
   850 | D:1      | Reached XP level 4. HP: 7/29 MP: 4/4
   850 | D:1      | Reached XP level 5. HP: 8/33 MP: 5/5
  1215 | D:2      | Reached skill level 4 in Maces & Flails
  1300 | D:2      | Noticed Natasha
  1310 | D:2      | Killed Natasha
  1310 | D:2      | Reached XP level 6. HP: 32/39 MP: 6/6
  1357 | D:2      | Noticed Terence
  1368 | D:2      | Killed Terence
  1482 | D:2      | Noticed Natasha
  1495 | D:2      | Killed Natasha
  1634 | D:2      | Found a burning altar of Makhleb.
  1636 | D:2      | Noticed Natasha
  1644 | D:2      | Killed Natasha
  2132 | D:3      | Found a glowing drain.
  2136 | Sewer    | Entered a sewer
  2211 | Sewer    | Reached XP level 7. HP: 16/44 MP: 7/7
  2540 | D:3      | Found an iron altar of Okawaru.
  2550 | D:3      | Became a worshipper of Warmaster Okawaru
  2653 | D:3      | Found a faded altar of an unknown god.
  2861 | D:4      | Reached skill level 5 in Maces & Flails
  3033 | D:4      | Noticed Pikel
  3049 | D:4      | Killed Pikel
  3049 | D:4      | Reached * piety under Okawaru
  3049 | D:4      | Reached ** piety under Okawaru
  3049 | D:4      | Reached skill level 5 in Fighting
  3049 | D:4      | Reached skill level 6 in Maces & Flails
  3049 | D:4      | Reached skill level 5 in Armour
  3049 | D:4      | Reached skill level 5 in Shields
  3049 | D:4      | Reached XP level 8. HP: 44/50 MP: 8/8
  3232 | D:4      | Noticed Ijyb
  3246 | D:4      | Killed Ijyb
  3923 | D:5      | Entered Level 5 of the Dungeon
  4616 | D:5      | Found a hide-covered altar of Uskayaw.
  4836 | D:5      | Reached skill level 7 in Maces & Flails
  4883 | D:6      | Found a staircase to the Ecumenical Temple.
  4883 | D:6      | Noticed Duvessa
  4883 | D:6      | Noticed Dowan
  4903 | D:6      | Killed Duvessa
  4903 | D:6      | Reached *** piety under Okawaru
  4903 | D:6      | Reached XP level 9. HP: 56/56 MP: 9/9
  4910 | D:6      | Killed Dowan
  5037 | D:6      | Noticed Grinder
  5069 | D:6      | Killed Grinder
  5105 | D:6      | Found a snail-covered altar of Cheibriados.
  5247 | D:6      | Noticed Prince Ribbit
  5266 | D:6      | Killed Prince Ribbit
  5266 | D:6      | Reached skill level 8 in Maces & Flails
  5646 | D:6      | Found a stormy altar of Qazlal.
  5761 | D:7      | Reached **** piety under Okawaru
  6028 | D:7      | Reached skill level 1 in Dodging
  6092 | D:7      | Reached XP level 10. HP: 60/63 MP: 10/10
  6305 | D:7      | Found a blossoming altar of Fedhas.
  6310 | D:7      | Found a glowing golden altar of the Shining One.
  6384 | D:6      | Reached skill level 9 in Maces & Flails
  6767 | D:7      | Found Keteppu's Jewellery Shoppe.
  7015 | D:8      | Noticed a death yak
  7016 | D:8      | Noticed a death yak
  7018 | D:8      | Noticed a death yak
  7077 | D:7      | Killed a death yak
  7077 | D:7      | Reached ***** piety under Okawaru
  7125 | D:7      | Killed a death yak
  7185 | D:7      | Killed a death yak
  7185 | D:7      | Reached skill level 10 in Maces & Flails
  7292 | D:8      | Found an opulent altar of Gozag.
  7362 | D:8      | Found a white marble altar of Elyvilon.
  7364 | D:8      | Found a staircase to the Lair.
  7369 | D:8      | Noticed a two-headed ogre
  7392 | D:8      | Killed a two-headed ogre
  7392 | D:8      | Received a gift from Okawaru
  7392 | D:8      | Reached XP level 11. HP: 28/69 MP: 11/11
  7766 | D:8      | Noticed a two-headed ogre
  7771 | D:8      | Killed a two-headed ogre
  8854 | D:9      | Found a staircase to the Orcish Mines.
  9402 | D:9      | Found a shadowy altar of Dithmenos.
  9593 | D:10     | Entered Level 10 of the Dungeon
  9674 | D:10     | Received a gift from Okawaru
  9675 | D:10     | Got a bloodstained morningstar {god gift}
  9676 | D:10     | Identified the +3 morningstar of the Philosopher {crush,
                  | rPois} (Okawaru gifted it to you on level 10 of the
                  | Dungeon)
  9800 | D:10     | Noticed a centaur warrior
  9814 | D:10     | Killed a centaur warrior
  9814 | D:10     | Reached skill level 11 in Maces & Flails
  9814 | D:10     | Reached skill level 1 in Invocations
 10162 | D:10     | Found Katumagu's Magic Scroll Emporium.
 10174 | D:10     | Bought a scroll of enchant armour for 97 gold pieces
 10174 | D:10     | Bought a scroll of identify for 26 gold pieces
 10174 | D:10     | Bought a scroll of identify for 26 gold pieces
 10174 | D:10     | Bought a scroll of identify for 26 gold pieces
 10359 | D:11     | Noticed a brown ugly thing
 10369 | D:11     | Killed a brown ugly thing
 10417 | D:11     | Noticed Harold
 10431 | D:11     | Noticed a brown ugly thing
 10454 | D:11     | Killed a brown ugly thing
 10475 | D:11     | Killed Harold
 10475 | D:11     | Received a gift from Okawaru
 10475 | D:11     | Reached XP level 12. HP: 62/76 MP: 13/13
 10486 | D:11     | Got a fine chain mail {god gift}
 10546 | D:11     | Identified the +8 chain mail "Caoqa" {*Corrode rN++ Int+6}
                  | (Okawaru gifted it to you on level 11 of the Dungeon)
 11187 | D:12     | Reached skill level 5 in Dodging
 11416 | D:12     | Noticed an eight-headed hydra
 11428 | D:12     | Killed an eight-headed hydra
 11428 | D:12     | Reached skill level 12 in Maces & Flails
 11573 | D:12     | Reached skill level 10 in Fighting
 11631 | D:12     | Reached skill level 10 in Shields
 11905 | D:13     | Reached skill level 10 in Armour
 12210 | D:13     | Reached ****** piety under Okawaru
 12527 | D:14     | Found Icwuxeg's Weapon Shop.
 12535 | D:14     | Paralysed by a wizard for 2 turns
 12541 | D:14     | Reached XP level 13. HP: 73/83 MP: 16/16
 12547 | D:14     | Reached skill level 5 in Invocations
 12599 | D:14     | Noticed Snorg
 12623 | D:14     | Killed Snorg
 12623 | D:14     | Received a gift from Okawaru
 13079 | D:14     | Found a runed translucent door.
 13361 | D:14     | Reached skill level 13 in Maces & Flails
 13385 | D:14     | Found a gate to the Vaults.
 13579 | D:14     | Noticed Azrael
 13613 | D:14     | Killed Azrael
 14046 | D:14     | Noticed Roxanne
 14348 | D:15     | Entered Level 15 of the Dungeon
 14357 | D:15     | Received a gift from Okawaru
 14819 | D:15     | Found a staircase to the Depths.
 14840 | D:15     | Gained mutation: Your large and strong wings let you fly
                  | indefinitely. [Gargoyle growth]
 14840 | D:15     | Reached XP level 14. HP: 90/90 MP: 18/18
 16308 | D:14     | HP: 4/90 [Roxanne/bolt of magma (21)]
 16680 | D:14     | Killed Roxanne
 16853 | Lair:1   | Entered Level 1 of the Lair of Beasts
 16913 | D:7      | Bought an uncursed ring of protection from fire for 400
                  | gold pieces
 16913 | D:7      | Bought an uncursed amulet of regeneration for 480 gold
                  | pieces
 16997 | Lair:1   | Received a gift from Okawaru
 17339 | Lair:1   | Reached skill level 14 in Maces & Flails
 17889 | Lair:2   | Received a gift from Okawaru
 18027 | Lair:2   | Found a sparkling altar of Nemelex Xobeh.
 18569 | Lair:3   | Found a hide-covered altar of Uskayaw.
 19691 | Lair:3   | Got a slimy shield
 19703 | Lair:3   | Identified the +1 shield of the Shrike {Str+3 Dex+4} (You
                  | found it on level 3 of the Lair of Beasts)
 19780 | Lair:4   | Found a staircase to the Shoals.
 20188 | Lair:4   | Found a runed translucent gate.
 20188 | Lair:4   | Found a runed translucent gate.
 20188 | Lair:4   | Found a runed translucent gate.
 20193 | Lair:4   | Noticed Uhlv's ghost (journeyman TrWn)
 20240 | Lair:4   | Reached XP level 15. HP: 86/96 MP: 19/19
 20345 | Lair:4   | Found a staircase to the Snake Pit.
 20347 | Lair:4   | Noticed Urug
 20380 | Lair:4   | Killed Urug
 21015 | Lair:4   | Killed Uhlv's ghost
 21015 | Lair:4   | Received a gift from Okawaru
 21436 | Lair:5   | Reached skill level 15 in Maces & Flails
 22232 | Lair:5   | Received a gift from Okawaru
 22409 | Lair:6   | Entered Level 6 of the Lair of Beasts
 22509 | Lair:6   | Found a runed translucent door.
 22511 | Lair:6   | Found a viscous altar of Jiyva.
 22512 | Lair:6   | Noticed an azure jelly
 22512 | Lair:6   | Noticed an azure jelly
 22513 | Lair:6   | Found a staircase to the Slime Pits.
 22513 | Lair:6   | Noticed an azure jelly
 22514 | Lair:6   | Noticed an azure jelly
 23035 | Lair:6   | Got a fine shield
 23047 | Lair:6   | Identified the +1 shield "Wimobeux" {rPois} (You found it
                  | on level 6 of the Lair of Beasts)
 23060 | Lair:6   | Got an ancient crystal plate armour
 23072 | Lair:6   | Identified the cursed +0 crystal plate armour of Peek-a-Boo
                  | {Int+5} (You found it on level 6 of the Lair of Beasts)
 23508 | Lair:6   | Got a faintly glowing ivory ring
 23575 | Lair:6   | Identified the ring "Ovyfeug" {*Corrode rF+++ rC+ Dex-5
                  | SInv} (You found it on level 6 of the Lair of Beasts)
 23905 | Orc:1    | Entered Level 1 of the Orcish Mines
 24352 | Orc:1    | Found Zedousuh's Food Emporium.
 24603 | Orc:2    | Entered Level 2 of the Orcish Mines
 24613 | Orc:2    | Found Tulokell's Assorted Antiques.
 24613 | Orc:2    | Found Siuj's Jewellery Boutique.
 24613 | Orc:2    | Noticed an orc warlord
 24640 | Orc:1    | Reached XP level 16. HP: 33/103 MP: 20/20
 25171 | Orc:1    | Received a gift from Okawaru
 25391 | Orc:1    | Reached skill level 16 in Maces & Flails
 26052 | Orc:2    | Found Vigil's Antique Weapon Shop.
 26052 | Orc:2    | Found Laqouxokh's Gadget Shop.
 26054 | Orc:2    | Bought a scroll of enchant armour for 142 gold pieces
 26079 | Orc:2    | Found a staircase to the Elven Halls.
 26431 | Orc:2    | Found a runed translucent gate.
 26432 | Orc:2    | Found a runed translucent gate.
 26436 | Orc:2    | Found a runed translucent gate.
 26454 | Orc:2    | Noticed inmateoo's ghost (journeyman GnTm)
 26629 | Orc:2    | Found a roughly hewn altar of Beogh.
 26797 | Orc:2    | Killed inmateoo's ghost
 26897 | Orc:2    | Bought a scroll of teleportation for 57 gold pieces
 26897 | Orc:2    | Bought a scroll of identify for 38 gold pieces
 26897 | Orc:2    | Bought 2 potions of agility for 152 gold pieces
 27148 | Snake:1  | Entered Level 1 of the Snake Pit
 27373 | Snake:1  | Noticed Seits's ghost (adept MiFi)
 27495 | Snake:1  | Received a gift from Okawaru
 27722 | Snake:1  | Found a transporter.
 27744 | Snake:1  | Found Maixon's Jewellery Emporium.
 27913 | Snake:1  | Found a transporter.
 28280 | Lair:4   | Killed Seits's ghost
 28992 | Snake:2  | Reached XP level 17. HP: 100/110 MP: 21/21
 29931 | Snake:2  | Noticed Asterion
 30278 | Snake:2  | Killed Asterion
 30278 | Snake:2  | Reached skill level 17 in Maces & Flails
 30680 | Snake:3  | Received a gift from Okawaru
 30704 | Snake:3  | Identified the +5 scale mail of the Lily {rC++ rN++ Stlth-}
                  | (Okawaru gifted it to you on level 3 of the Snake Pit)
 31116 | Snake:3  | Found a runed translucent door.
 31332 | Snake:3  | Reached skill level 10 in Dodging
 31426 | Snake:4  | Entered Level 4 of the Snake Pit
 31845 | Snake:4  | Found Comp's Assorted Antiques.
 31853 | Snake:4  | Bought 2 potions of curing for 204 gold pieces
 31853 | Snake:4  | Bought a potion of agility for 136 gold pieces
 31865 | Snake:4  | Noticed Vashnia
 31935 | Snake:4  | Killed Vashnia
 32378 | Snake:4  | Received a gift from Okawaru
 32397 | Snake:4  | Reached XP level 18. HP: 67/117 MP: 22/22
 32826 | Snake:4  | Reached skill level 18 in Maces & Flails
 33432 | Snake:4  | Got a serpentine rune of Zot
 33916 | Snake:4  | Received a gift from Okawaru
 34129 | Shoals:1 | Entered Level 1 of the Shoals
 34166 | Shoals:1 | Found a glowing silver altar of Zin.
 34428 | Shoals:1 | Reached skill level 15 in Shields
 35348 | Shoals:2 | Reached skill level 15 in Fighting
 35371 | Shoals:2 | Found a hide-covered altar of Uskayaw.
 35581 | Shoals:2 | Reached skill level 15 in Armour
 36751 | Shoals:3 | Reached XP level 19. HP: 124/124 MP: 23/23
 37062 | Shoals:4 | Entered Level 4 of the Shoals
 37292 | Shoals:4 | Received a gift from Okawaru
 37392 | Shoals:4 | Noticed Ilsuiw
 37441 | Shoals:4 | Killed Ilsuiw
 37916 | Shoals:4 | Reached skill level 19 in Maces & Flails
 38641 | Shoals:4 | Found Caakeikh's Weapon Emporium.
 38723 | Shoals:4 | Got a barnacled rune of Zot
 39426 | Vaults:1 | Entered Level 1 of the Vaults
 39650 | Vaults:1 | Paralysed by an ogre mage for 5 turns
 39879 | Vaults:1 | Received a gift from Okawaru
 40730 | Vaults:1 | Found a roughly hewn altar of Beogh.
 41010 | Vaults:1 | Reached XP level 20. HP: 99/131 MP: 24/24
 42072 | Vaults:2 | Received a gift from Okawaru
 42083 | Vaults:2 | Got an iridescent flail {god gift}
 42084 | Vaults:2 | Identified the +11 flail "Yzeatag" {freeze, Int+3} (Okawaru
                  | gifted it to you on level 2 of the Vaults)
 42150 | Vaults:2 | Noticed Mennas
 42839 | Vaults:2 | Received a gift from Okawaru
 43105 | Vaults:2 | Killed Mennas
 43105 | Vaults:2 | Reached skill level 20 in Maces & Flails
 43228 | Vaults:2 | Found Caqit's Gadget Boutique.
 43252 | Vaults:2 | HP: 2/132 [deep troll[an ironheart preserver] (14)]
 43255 | Vaults:2 | Mangled by a deep troll

Skill      XL: |  1  2  3  4  5  6  7  8  9 10 11 12 13 14 15 16 17 18 19 20 |
---------------+-------------------------------------------------------------+-----
Fighting       | 4 5 6 7 8 9 10 11 12 13 14 15 16 | 16.2
Maces & Flails | 3 4 6 7 8 10 11 12 13 14 15 16 17 18 19 20 | 20.0
Armour         | 4 5 6 7 8 9 10 11 12 13 14 15 16 | 16.2
Shields        | 4 5 6 7 8 9 10 11 12 13 14 15 16 | 16.2
Dodging        | 1 3 4 5 6 7 8 9 10 11 12 | 12.0
Invocations    | 2 4 6 |  6.0

Action                   |  1- 3 |  4- 6 |  7- 9 | 10-12 | 13-15 | 16-18 | 19-21 || total
-------------------------+-------+-------+-------+-------+-------+-------+-------++-------
Melee: Whip              |    83 |   137 |   440 |   934 |  2156 |  1393 |       ||  5143
       Flail             |     5 |       |       |       |       |       |   296 ||   301
       Morningstar       |       |       |       |    13 |    72 |    59 |       ||   144
       Demon whip        |       |       |       |       |       |  1737 |   723 ||  2460
       Eveningstar       |       |       |       |       |       |       |   476 ||   476
Invok: Heroism           |       |       |       |       |     4 |     9 |     3 ||    16
 Abil: Fly               |       |       |       |       |       |     1 |     1 ||     2
       Stop Flying       |       |       |       |       |       |       |     2 ||     2
Evoke: Wand              |       |       |       |     4 |    11 |     9 |    10 ||    34
  Use: Potion            |     1 |       |       |       |     6 |       |     6 ||    13
       Scroll            |       |       |    13 |    13 |    16 |    10 |    10 ||    62
 Stab: Confused          |       |       |       |     1 |     2 |     2 |       ||     5
       Petrified         |       |       |       |       |     9 |       |       ||     9
       Petrifying        |       |       |       |       |     1 |       |       ||     1
  Eat: Chunk             |       |     4 |    13 |    13 |    11 |     3 |       ||    44
       Ration            |       |       |       |     3 |     9 |    13 |     6 ||    31
Armor: Scale mail        |    44 |    23 |       |       |       |       |       ||    67
       Chain mail        |       |    78 |   130 |       |       |       |       ||   208
       Skin              |       |       |     4 |       |       |       |       ||     4
       Plate armour      |       |       |    31 |    90 |       |       |       ||   121
       Gold dragon scale |       |       |       |   293 |   890 |  1212 |   905 ||  3300
Dodge: Dodged            |    33 |    28 |    58 |    41 |   270 |   478 |   423 ||  1331
Block: Shield            |    35 |    60 |   117 |       |   598 |  1427 |  1000 ||  3237
       Large shield      |       |       |    71 |   520 |   264 |       |       ||   855
